AoeStats
← IamxSaVaGe7117

Arena

510403241Analyzed
1v1 RM · 18h ago on Sep 30, 2026· 26m 7s· 2 players
Game mode
Random Map
Map size
Tiny (2 player)
Population
200
Speed
Normal
Resources
Standard
Victory
Conquest
Starting age
Dark Age
Ending age
Imperial Age
RankedLock teamsTeams togetherTeam positionsShared explorationLock speedFull tech treeHidden civsTurbo modeCheats
Victory
Defeat
🇺🇸 Vietnamese · United States
583
+17
🇲🇽 Magyars · Mexico
595
-17
IamxSaVaGe7117
10:07 Feudal Age
10:46 Double-Bit Axe
18:42 Castle Age
16:56 Gold Mining
19:06 Forging
19:46 Squires
20:11 Bow Saw
21:11 Scale Mail Armor
Pickleball
6:55 Loom
10:01 Feudal Age
11:17 Double-Bit Axe
13:56 Horse Collar
20:19 Castle Age
18:29 Stone Mining
18:29 Gold Mining
19:10 Gold Mining
21:04 Heavy Plow
22:38 Bow Saw
23:58 Gold Shaft Mining
26:03 Loom
Connection lost

Rejoining the realm…

Still unreachable

The connection could not be restored.

Session expired

The server has moved on; the page needs a fresh start.